NCAA
TENNESSEE VOLUNTEERS @ COLORADO BUFFALOES
05/15/2023
 
TOP OF THE 1ST
Tennessee Volunteers batting - Pitching for Colorado Buffaloes : RHP Germán Hernández
Pitching: RHP Germán Hernández
Batting: RHB Travis Colbert 0-0: Called Strike
0-1: Foul Ball, location: 2F
0-2: Foul Ball, location: 2F
0-2: Strikes out swinging
Batting: RHB Jesús Villegas 0-0: Ball
1-0: Swinging Strike
1-1: Ball
2-1: SINGLE (Flyball, 34D)
Batting: LHB Alejandro Rojas 0-0: Called Strike
0-1: Ball
1-1: Called Strike
1-2: Strikes out swinging
Batting: RHB Brian Parks 0-0: Ball
1-0: Ball
2-0: Ball
3-0: DOUBLE (Line Drive, 78M)
Jesús Villegas to third
Batting: RHB Eugene Jefferson 0-0: Ball
1-0: Foul Ball, location: 2F
1-1: Called Strike
1-2: Ball
2-2: Foul Ball, location: 2F
2-2: Reached on error, E5 (Groundball, 56)
Jesús Villegas scores
Brian Parks to third
Batting: RHB Ken Sánchez 0-0: Ball
1-0: TRIPLE (Flyball, 89M)
Brian Parks scores
Eugene Jefferson scores
Batting: RHB Aaron Washington 0-0: Ball
1-0: Ball
2-0: DOUBLE (Line Drive, 4D)
Ken Sánchez scores
Batting: RHB Michael Sawyer 0-0: Called Strike
0-1: Ball
1-1: Swinging Strike
1-2: Ball
2-2: Strikes out swinging
Top of the 1st over - 4 run(s), 4 hit(s), 1 error(s), 1 left on base; Tennessee 4 - Colorado 0
BOTTOM OF THE 1ST
Colorado Buffaloes batting - Pitching for Tennessee Volunteers : LHP Kent McKean
Pitching: LHP Kent McKean
Batting: RHB Rob Groves 0-0: Called Strike
0-1: Called Strike
0-2: Strikes out swinging
Batting: LHB Jack Caldwell 0-0: Ball
1-0: Ball
2-0: Ball
3-0: Base on Balls
Batting: RHB Ed Moore 0-0: Ball
1-0: Ball
2-0: Called Strike
2-1: Foul Ball, location: 2F
2-2: Strikes out swinging
Batting: LHB Miguel Sánchez 0-0: 2-RUN HOME RUN (Flyball, 9LD), Distance : 328 ft
Batting: RHB Ray Rogers 0-0: Fly out, F8 (Flyball, 8LM)
Bottom of the 1st over - 2 run(s), 1 hit(s), 0 error(s), 0 left on base; Tennessee 4 - Colorado 2
TOP OF THE 2ND
Tennessee Volunteers batting - Pitching for Colorado Buffaloes : RHP Germán Hernández
Batting: RHB Courtnay Beck 0-0: Ball
1-0: Foul Ball, location: 2F
1-1: Foul Ball, location: 2F
1-2: Ball
2-2: Strikes out swinging
Batting: RHB Travis Colbert 0-0: Foul Ball, location: 2F
0-1: Fly out, F9 (Flyball, 9M)
Batting: RHB Jesús Villegas 0-0: Ball
1-0: Ground out 6-3 (Groundball, 6M)
Top of the 2nd over - 0 run(s), 0 hit(s), 0 error(s), 0 left on base; Tennessee 4 - Colorado 2
BOTTOM OF THE 2ND
Colorado Buffaloes batting - Pitching for Tennessee Volunteers : LHP Kent McKean
Batting: RHB Esteban Lara 0-0: Called Strike
0-1: Called Strike
0-2: Ball
1-2: SOLO HOME RUN (Flyball, 7D), Distance : 352 ft
Batting: RHB Ramón Chávez 0-0: Swinging Strike
0-1: Ball
1-1: Ball
2-1: Swinging Strike
2-2: SINGLE (Groundball, 4MD)
Batting: RHB Desi Parkinson Balk!
Ramón Chávez to second
0-0: Ball
1-0: Fly out, F7 (Line Drive, 7M)
Batting: LHB Craig Kenney 0-0: Swinging Strike
0-1: Foul Ball, location: 2F
0-2: Ball
1-2: Ground out 1-3 (Groundball, 15S)
Batting: RHB Rob Groves 0-0: Fly out, F9 (Flyball, 9LS)
Bottom of the 2nd over - 1 run(s), 2 hit(s), 0 error(s), 1 left on base; Tennessee 4 - Colorado 3
TOP OF THE 3RD
Tennessee Volunteers batting - Pitching for Colorado Buffaloes : RHP Germán Hernández
Batting: LHB Alejandro Rojas 0-0: Fly out, F2 (Popup, 2LF)
Batting: RHB Brian Parks 0-0: SINGLE (Line Drive, 56D)
Batting: RHB Eugene Jefferson 0-0: Ball
1-0: Ball
2-0: Foul Ball, location: 2F
2-1: Foul Ball, location: 2F
2-2: Foul Ball, location: 2F
2-2: Foul Ball, location: 2F
2-2: Strikes out looking
Batting: RHB Ken Sánchez 0-0: Called Strike
0-1: Ball
1-1: Ball
2-1: Ball
3-1: Ground out 1-3 (Groundball, 15S)
Top of the 3rd over - 0 run(s), 1 hit(s), 0 error(s), 1 left on base; Tennessee 4 - Colorado 3
BOTTOM OF THE 3RD
Colorado Buffaloes batting - Pitching for Tennessee Volunteers : LHP Kent McKean
Batting: LHB Jack Caldwell 0-0: Ground out 4-3 (Groundball, 4)
Batting: RHB Ed Moore 0-0: Ball
1-0: Called Strike
1-1: Ball
2-1: Ball
3-1: Foul Ball, location: 2F
3-2: Foul Ball, location: 2F
3-2: Foul Ball, location: 2F
3-2: Base on Balls
Batting: LHB Miguel Sánchez 0-0: Ball
1-0: Called Strike
1-1: Foul Ball, location: 2F
1-2: Ball
2-2: Strikes out looking
Batting: RHB Ray Rogers 0-0: Ball
1-0: Ball
2-0: SINGLE (Line Drive, 9LS)
Ed Moore to second
Batting: RHB Esteban Lara 0-0: Ball
1-0: Called Strike
1-1: Swinging Strike
1-2: Foul Ball, location: 2F
1-2: Ball
2-2: Ball
3-2: 3-RUN HOME RUN (Flyball, 78XD), Distance : 390 ft
Batting: RHB Ramón Chávez 0-0: Called Strike
0-1: Ball
1-1: Foul Ball, location: 2F
1-2: Strikes out looking
Bottom of the 3rd over - 3 run(s), 2 hit(s), 0 error(s), 0 left on base; Tennessee 4 - Colorado 6
TOP OF THE 4TH
Tennessee Volunteers batting - Pitching for Colorado Buffaloes : RHP Germán Hernández
Batting: RHB Aaron Washington 0-0: Ball
1-0: Foul Ball, location: 2F
1-1: Ball
2-1: Fly out, F7 (Flyball, 78M)
Batting: RHB Michael Sawyer 0-0: Ball
1-0: Ball
2-0: Called Strike
2-1: Foul Ball, location: 2F
2-2: Strikes out swinging
Batting: RHB Courtnay Beck 0-0: Called Strike
0-1: Foul Ball, location: 2F
0-2: Ball
1-2: Foul Ball, location: 2F
1-2: Foul Ball, location: 2F
1-2: Strikes out looking
Top of the 4th over - 0 run(s), 0 hit(s), 0 error(s), 0 left on base; Tennessee 4 - Colorado 6
BOTTOM OF THE 4TH
Colorado Buffaloes batting - Pitching for Tennessee Volunteers : LHP Kent McKean
Batting: RHB Desi Parkinson 0-0: Ball
1-0: Ball
2-0: Swinging Strike
2-1: Called Strike
2-2: Ball
3-2: Foul Ball, location: 2F
3-2: Base on Balls
Batting: LHB Craig Kenney 0-0: Swinging Strike
0-1: Fielders Choice at 2nd, 6-4 (Groundball, 6)
Batting: RHB Rob Groves 0-0: Grounds into double play, U4-3 (Groundball, 4)
Bottom of the 4th over - 0 run(s), 0 hit(s), 0 error(s), 0 left on base; Tennessee 4 - Colorado 6
TOP OF THE 5TH
Tennessee Volunteers batting - Pitching for Colorado Buffaloes : RHP Germán Hernández
Batting: RHB Travis Colbert 0-0: Fly out, F7 (Flyball, 7M)
Batting: RHB Jesús Villegas 0-0: Ball
1-0: Ball
2-0: Ball
3-0: Base on Balls
Batting: LHB Alejandro Rojas 0-0: Ball
1-0: Ball
2-0: Ball
3-0: Called Strike
3-1: Swinging Strike
3-2: Strikes out looking
Pitching: RHP Kyle Robinson
Batting: RHB Brian Parks 0-0: Ball
1-0: Ball
2-0: Fly out, F7 (Flyball, 7M)
Top of the 5th over - 0 run(s), 0 hit(s), 0 error(s), 1 left on base; Tennessee 4 - Colorado 6
BOTTOM OF THE 5TH
Colorado Buffaloes batting - Pitching for Tennessee Volunteers : LHP Kent McKean
Batting: LHB Jack Caldwell 0-0: Called Strike
0-1: Fly out, F9 (Flyball, 9M)
Batting: RHB Ed Moore 0-0: Called Strike
0-1: Swinging Strike
0-2: Ball
1-2: Foul Ball, location: 2F
1-2: Strikes out swinging
Batting: LHB Miguel Sánchez 0-0: Ball
1-0: Called Strike
1-1: Ball
2-1: Ball
3-1: Base on Balls
Pitching: LHP Pancho Cruz
Batting: RHB Ray Rogers 0-0: Fly out, F3 (Popup, 13S)
Bottom of the 5th over - 0 run(s), 0 hit(s), 0 error(s), 1 left on base; Tennessee 4 - Colorado 6
TOP OF THE 6TH
Tennessee Volunteers batting - Pitching for Colorado Buffaloes : RHP Kyle Robinson
Batting: RHB Eugene Jefferson 0-0: Ball
1-0: Called Strike
1-1: Foul Ball, location: 2F
1-2: Ground out 4-3 (Groundball, 4)
Batting: RHB Ken Sánchez 0-0: Called Strike
0-1: Called Strike
0-2: Foul Ball, location: 2F
0-2: Ground out 5-3 (Groundball, 5L)
Batting: RHB Aaron Washington 0-0: Called Strike
0-1: Foul Ball, location: 2F
0-2: Ball
1-2: Ball
2-2: SOLO HOME RUN (Flyball, 7D), Distance : 365 ft
Batting: RHB Michael Sawyer 0-0: Called Strike
0-1: Ball
1-1: Fly out, F8 (Flyball, 8LM)
Top of the 6th over - 1 run(s), 1 hit(s), 0 error(s), 0 left on base; Tennessee 5 - Colorado 6
BOTTOM OF THE 6TH
Colorado Buffaloes batting - Pitching for Tennessee Volunteers : LHP Pancho Cruz
Batting: RHB Esteban Lara 0-0: Ball
1-0: Ball
2-0: Swinging Strike
2-1: Bunt missed!
2-2: Ball
3-2: Foul Ball, location: 2F
3-2: Base on Balls
Batting: RHB Ramón Chávez 0-0: Ball
1-0: Grounds into double play, 6-4-3 (Groundball, 6)
Batting: RHB Desi Parkinson 0-0: Ball
1-0: Ball
2-0: Ball
3-0: Base on Balls
Batting: LHB Craig Kenney 0-0: Ball
1-0: Called Strike
1-1: Foul Ball, location: 2F
1-2: Strikes out looking
Bottom of the 6th over - 0 run(s), 0 hit(s), 0 error(s), 1 left on base; Tennessee 5 - Colorado 6
TOP OF THE 7TH
Tennessee Volunteers batting - Pitching for Colorado Buffaloes : RHP Kyle Robinson
Batting: RHB Courtnay Beck 0-0: Fly out, F8 (Flyball, 8LS)
Batting: RHB Travis Colbert 0-0: SINGLE (Flyball, 8RS)
Batting: RHB Jesús Villegas 0-0: Ball
1-0: Ball
2-0: Foul Ball, location: 2F
2-1: Foul Ball, location: 2F
2-2: Foul Ball, location: 2F
2-2: Fly out, F3 (Popup, 3F)
Batting: LHB Alejandro Rojas 0-0: Called Strike
0-1: Called Strike
0-2: Ball
1-2: Foul Ball, location: 2F
1-2: Ball
2-2: Foul Ball, location: 2F
2-2: Ball
3-2: Base on Balls
Travis Colbert to second
Batting: RHB Brian Parks 0-0: Swinging Strike
0-1: Foul Ball, location: 2F
0-2: Ball
1-2: Foul Ball, location: 2F
1-2: Ball
2-2: SINGLE (Flyball, 9S)
Travis Colbert to third
Alejandro Rojas to second
Runner from 3rd tries for Home, SAFE, no throw or cutoff
Batting: RHB Eugene Jefferson 0-0: Called Strike
0-1: Foul Ball, location: 2F
0-2: Foul Ball, location: 2F
0-2: Strikes out swinging
Top of the 7th over - 1 run(s), 2 hit(s), 0 error(s), 2 left on base; Tennessee 6 - Colorado 6
BOTTOM OF THE 7TH
Colorado Buffaloes batting - Pitching for Tennessee Volunteers : LHP Pancho Cruz
Batting: RHB Rob Groves 0-0: Fly out, F9 (Flyball, 9M)
Batting: LHB Jack Caldwell 0-0: Ball
1-0: Fly out, F8 (Flyball, 8RM)
Batting: RHB Ed Moore 0-0: Ball
1-0: Ball
2-0: Ball
3-0: Base on Balls
Batting: LHB Miguel Sánchez 0-0: Foul Ball, location: 2F
0-1: Ball
1-1: Ball
2-1: Foul Ball, location: 2F
2-2: Ball
3-2: Foul Ball, location: 2F
3-2: Foul Ball, location: 2F
3-2: Foul Ball, location: 2F
3-2: Base on Balls
Ed Moore to second
Pinch Hitting: LHB Sixto Cortés 0-0: Ball
1-0: Called Strike
1-1: Foul Ball, location: 2F
1-2: Foul Ball, location: 2F
1-2: Fly out, F6 (Popup, 6D)
Bottom of the 7th over - 0 run(s), 0 hit(s), 0 error(s), 2 left on base; Tennessee 6 - Colorado 6
TOP OF THE 8TH
Tennessee Volunteers batting - Pitching for Colorado Buffaloes : RHP Kyle Robinson
Pitching: RHP Ken Thomas
Now at 3B: Paul Meyer
Batting: RHB Ken Sánchez 0-0: Ball
1-0: Ball
2-0: SINGLE (Line Drive, 34D)
Batting: RHB Aaron Washington 0-0: Sac Bunt - play at first, batter OUT! 3-4
Ken Sánchez to second
Batting: RHB Michael Sawyer 0-0: Ball
1-0: Foul Ball, location: 2F
1-1: Called Strike
1-2: Foul Ball, location: 2F
1-2: Ball
2-2: Strikes out swinging
Batting: RHB Courtnay Beck 0-0: Foul Ball, location: 2F
0-1: Foul Ball, location: 2F
0-2: Ball
1-2: Foul Ball, location: 2F
1-2: Strikes out swinging
Top of the 8th over - 0 run(s), 1 hit(s), 0 error(s), 1 left on base; Tennessee 6 - Colorado 6
BOTTOM OF THE 8TH
Colorado Buffaloes batting - Pitching for Tennessee Volunteers : LHP Pancho Cruz
Pitching: RHP Myles Bush
Batting: RHB Esteban Lara 0-0: Ball
1-0: Foul Ball, location: 2F
1-1: Called Strike
1-2: Ball
2-2: Ball
3-2: Foul Ball, location: 2F
3-2: Foul Ball, location: 2F
3-2: Base on Balls
Batting: RHB Ramón Chávez 0-0: Called Strike
Esteban Lara is caught stealing 2nd base
0-1: Ball
1-1: Ball
2-1: Ball
3-1: Ground out 6-3 (Groundball, 6S)
Batting: RHB Desi Parkinson 0-0: Ball
1-0: Ball
2-0: Called Strike
2-1: SOLO HOME RUN (Line Drive, 89XD), Distance : 386 ft
Batting: LHB Craig Kenney 0-0: Called Strike
0-1: Ground out 4-3 (Groundball, 4)
Bottom of the 8th over - 1 run(s), 1 hit(s), 0 error(s), 0 left on base; Tennessee 6 - Colorado 7
TOP OF THE 9TH
Tennessee Volunteers batting - Pitching for Colorado Buffaloes : RHP Ken Thomas
Pitching: RHP José García
Now at 2B: Lynwood Edgar
Batting: RHB Travis Colbert 0-0: Ball
1-0: Called Strike
1-1: Swinging Strike
1-2: Ball
2-2: Ball
3-2: Base on Balls
Batting: RHB Jesús Villegas 0-0: Ball
1-0: Sac Bunt - play at first, batter OUT! 1-4
Travis Colbert to second
Batting: LHB Alejandro Rojas 0-0: Foul Ball, location: 2F
0-1: Called Strike
0-2: Ball
1-2: Ball
2-2: Ball
3-2: Base on Balls
Batting: RHB Brian Parks 0-0: Foul Ball, location: 2F
0-1: Called Strike
0-2: Ball
1-2: Foul Ball, location: 2F
1-2: Strikes out looking
Batting: RHB Eugene Jefferson 0-0: Called Strike
0-1: Ball
1-1: Ball
2-1: Ball
3-1: Base on Balls
Travis Colbert to third
Alejandro Rojas to second
Batting: RHB Ken Sánchez 0-0: Ball
1-0: Fly out, F3 (Popup, 3F)
Top of the 9th over - 0 run(s), 0 hit(s), 0 error(s), 3 left on base; Tennessee 6 - Colorado 7
This league is powered by Out of the Park Baseball, the baseball management simulation game for PC, Mac and Linux
Wednesday, December 2nd, 2015 - OOTP Baseball 16.8 Build 38